Unix NetHack Version 5.0.0-0 post-release - last build Jun 10 2026 00:39:30 (3ee93aec679c4c4259841fe613dc97188e26a321,branch:main).

Game began 2026-07-11 14:28:23, ended 2026-07-11 16:11:10.

Fletchius, lawful male dwarven Archeologist

                        ---------------------------------
                        |...............(...............|
                         .---------------.-----------...|
                         .|        |... |.|    |....|...|
                        |.|        |....|.|    |....-...|
                        |.         |..(.-.+    |....|...|
                        |.--------+------.--   -----|...|
                        |.............{....|   .|   |.()|
                        |....-@|----.......| ._.|   |...|#         #
                        |....|.q|..|...........)|   |...|#         #
                        |....|.....|......{| ...|   |...|#    -----.---
                      ##.....----..........--- .- ---.[.|#####.......<|
                        |...........................(...|#    |.....).|
                        |.......----....---- --- ----....#    |.......|
                        |.......|  |....|           +...|###  ........|
                        |.......|  -....-.          |....#    |.......|
                        --------- ---------         -----     ---------

Fletchius the Field Worker  St:12 Dx:9 Co:17 In:15 Wi:16 Ch:7  Lawful
Dlvl:8  $:271 HP:0(49) Pw:15(15) AC:4  Xp:5 T:2670 

Latest messages:
 You hit the imp!
 The Woodland-elf picks up a pair of hard shoes.
 The imp hits!
 You kill the imp!
 The Woodland-elf puts on a pair of hard shoes.
 You see here a dwarvish cloak.
 The Woodland-elf wields a runed broadsword!
 You see here a chest.
 What do you want to read? [jqyKLR or ?*] j
 As you read the scroll, it disappears.
 The neighborhood is friendlier.
 The chest is empty.
 The Woodland-elf drops a cream pie.
 The Woodland-elf drops a dagger.
 The Woodland-elf drops a crossbow.
 The Woodland-elf drops a crossbow bolt.
 The Woodland-elf drops a crude dagger.
 The Woodland-elf drops a runed dagger.
 "Hello, Fletchius!  Welcome to Nieb's hardware store!"
 "Will you please leave your pick-axe outside?"
 You hear the chime of a cash register.
 You hear someone cursing shoplifters.
 You hear someone praising Huhetotl.
 The Grey-elf wields a runed broadsword!
 The Grey-elf swings her runed broadsword.
 The Grey-elf hits!
 What do you want to zap? [xSUZ or ?*] U
 In what direction? l
 The Grey-elf vanishes!
 You hit the rothe!
 The rothe hits!
 The rothe misses!
 The rothe bites!
 You kill the rothe!
 You see here a rothe corpse.
 There is a rothe corpse here; eat it? [ynq] (n) y
 This rothe corpse is gamey.
 You finish eating the rothe corpse.
 Please move the cursor to a monster, object or location.
 (For instructions type a '?')
 Done.
 What do you want to zap? [xSUZ or ?*] ?
 In what direction? k
 The mumak vanishes!
 You hear some noises in the distance.
 The Woodland-elf swings her runed broadsword at it.
 The Woodland-elf hits it.
 The mumak butts!
 You die...
 Do you want your possessions identified? [ynq] (y) q

Inventory:
 Coins    ('$')
  $ - 271 gold pieces
 Weapons  (')')
  a - a +2 bullwhip (alternate weapon; not wielded)
 Armor    ('[')
  p - an uncursed +0 orcish helm (being worn)
  J - a cursed +0 elven mithril-coat (being worn)
 Comestibles  ('%')
  d - 6 uncursed food rations
  l - an uncursed tripe ration
 Scrolls  ('?')
  q - a blessed scroll of blank paper
  R - an uncursed scroll of enchant armor
  K - an uncursed scroll of gold detection
  y - an uncursed scroll of light
  L - an uncursed scroll of stinking cloud
 Potions  ('!')
  V - an uncursed potion of gain energy
  T - an uncursed potion of levitation
  P - a cursed potion of object detection
  B - a cursed potion of oil
  F - 3 potions of holy water
 Rings    ('=')
  u - an uncursed ring of poison resistance (on left hand)
 Wands    ('/')
  x - a wand of magic missile (0:6)
  Z - a wand of polymorph (0:7)
  S - a wand of sleep (0:3)
  U - a cursed wand of teleportation (0:4)
 Tools    ('(')
  h - an empty uncursed sack
  A - an uncursed blindfold
  Q - an uncursed magic whistle
  i - an uncursed oil lamp (lit)
  e - a +3 pick-axe (weapon in right hand)
  W - an uncursed skeleton key
 Gems/Stones  ('*')
  n - an uncursed agate stone
  M - an uncursed amethyst stone
  t - 2 uncursed chrysoberyl stones
  X - an uncursed jet stone
  g - an uncursed touchstone

Fletchius the Archeologist's attributes:

Background:
 You were a Field Worker, a level 5 male dwarven Archeologist.
 You were lawful, on a mission for Quetzalcoatl
 who was opposed by Camaxtli (neutral) and Huhetotl (chaotic).
 You were right-handed.
 You were in the Gnomish Mines, on level 8.
 You entered the dungeon 2670 turns ago.
 You had 283 experience points, 37 more were needed to attain level 6.

Basics:
 You had 0 out of 49 hit points.
 You had all 15 energy points (spell power).
 Your armor class was 4.
 Your wallet contained 271 zorkmids.
 Autopickup was off.

Final Characteristics:
 Your strength was 12 (limit:18/100).
 Your dexterity was 9 (limit:20).
 Your constitution was 17 (limit:20).
 Your intelligence was 15 (limit:16).
 Your wisdom was 16 (limit:16).
 Your charisma was 7 (limit:16).

Final Status:
 You weren't hungry.
 You were unencumbered.
 You were wielding a pick-axe.
 You were skilled in pick-axe.

Final Attributes:
 You were piously aligned.
 You were poison resistant.
 You had automatic searching.
 You had infravision.
 You were stealthy.
 You were guarded.
 Your spell casting was impaired by metallic armor.
 You are dead.

Miscellaneous:
 You encountered 1 bones level.
 Total elapsed playing time was 1 hour, 36 minutes and 24 seconds.

Major events:
 Turn
    1: Fletchius the lawful male dwarven Archeologist entered the dungeon
 1060: attained the rank of Field Worker (level 3)
 1565: entered the Gnomish Mines
 2581: reached Mine Town
 2670: killed by a mumak

Spells:
 Name                 Level Category     Fail Retention
 confuse monster        1   enchantment  100%  76%-100%
 jumping                1   escape       100%  76%-100%

Skills:
 Fighting Skills
   bare handed combat [Unskilled]
   two weapon combat  [Unskilled]
   riding             [Unskilled]
 Weapon Skills
   dagger             [Unskilled]
   knife              [Unskilled]
   pick-axe           [Skilled]
   short sword        [Unskilled]
   saber              [Unskilled]
   club               [Unskilled]
   quarterstaff       [Unskilled]
   sling              [Unskilled]
   dart               [Unskilled]
   boomerang          [Unskilled]
   whip               [Basic]
   unicorn horn       [Unskilled]
 Spellcasting Skills
   attack spells      [Unskilled]
   healing spells     [Unskilled]
   divination spells  [Unskilled]
   matter spells      [Unskilled]

Voluntary challenges:
 Character rerolling was not enabled.
 You never genocided any monsters.
 You never polymorphed an object.
 You never changed form.
 You used no wishes.
Achievements:
 You attained the rank of Field Worker.
 You entered a shop.
 You entered the Gnomish Mines.
 You entered Minetown.

 The Dungeons of Doom: levels 1 to 5
    Level 1:
    Level 2:
       Many fountains.
    Level 3:
       A fountain.
    Level 4:
       A potion shop.
       Stairs down to The Gnomish Mines.
    Level 5:
 The Gnomish Mines: levels 5 to 8
    Level 5:
    Level 6:
    Level 7:
    Level 8: <- You were here.
       A tool shop, an altar, some fountains, a grave.
       Final resting place for
          you, killed by a mumak,
          yasdy-Pri-Elf-Mal-Cha, killed by a mumak.


Vanquished creatures:
  a giant spider
  a raven
  3 human zombies
 an imp
  a mountain nymph
  a violet fungus
  2 gnome leaders
 an elf zombie
  a little dog
  a kitten
  a rothe
  a giant bat
  2 werejackals
 an iguana
  2 acid blobs
  a hobbit
  a large kobold
  a hobgoblin
  2 cave spiders
  a brown mold
  a yellow mold
  a red mold
 16 gnomes
  a gnome zombie
  2 geckos
  2 jackals
  a fox
  4 goblins
  a sewer rat
  5 grid bugs
  a lichen
  a kobold zombie
 12 newts
74 creatures vanquished.

No species were genocided or became extinct.

Game over:
                       ----------
                      /          \
                     /    REST    \
                    /      IN      \
                   /     PEACE      \
                  /                  \
                  |    Fletchius     |
                  |      271 Au      |
                  |   killed by a    |
                  |      mumak       |
                  |                  |
                  |                  |
                  |       2026       |
                 *|     *  *  *      | *
        _________)/\\_//(\/(/\)/\//\/|_)_______

Goodbye Fletchius the Archeologist...

You died in The Gnomish Mines on dungeon level 8 with 1756 points,
and 271 pieces of gold, after 2670 moves.
You were level 5 with a maximum of 49 hit points when you died.

